 Dungeon Crawl Stone Soup version 0.24.0-125-gc4c63601f3 (webtiles) character file.

Game seed: 16046606164201368488, levelgen mode: deterministic

142562 Amplified the Brawler (level 16, 0/247 HPs)
             Began as a Troll Skald on Mar 13, 2020.
             Was a Priest of Elyvilon.
             Shot with an arrow by a deep elf archer (18 damage)
             ... on level 2 of the Elven Halls.
             The game lasted 01:27:02 (30855 turns).

Amplified the Brawler (Troll Skald)                Turns: 30855, Time: 01:27:03

Health: 0/247      AC: 28    Str: 25    XL:     16   Next: 80%
Magic:  24/24      EV:  1    Int: 10    God:    Elyvilon [***...]
Gold:   216        SH: 14    Dex: 11    Spells: 11/17 levels left

rFire    . . .     SeeInvis .     - Unarmed
rCold    + . .     Gourm    +   p - +3 shield {rN+}
rNeg     + + +     Faith    .   (armour currently unavailable)
rPois    +         Spirit   .   (helmet currently unavailable)
rElec    .         Reflect  .   (cloak currently unavailable)
rCorr    .         Harm     .   (gloves unavailable)
MR       +....     NoTele   +   (boots unavailable)
Stlth    ++++......             o - amulet of magic regeneration
HPRegen  0.91/turn              G - ring of protection from cold
MPRegen  0.44/turn              x - ring "Baaqoelaasm" {Wiz Stlth+}

@: tree-form (expiring), lightly drained
A: large, unfitting armour, fast metabolism 3, gourmand, sense surroundings 2,
regeneration 1
a: Lesser Healing, Heal Other, Purification, Divine Protection, Renounce
Religion


You were on level 2 of the Elven Halls.
You worshipped Elyvilon.
Elyvilon was most pleased with you.
You were very hungry.
You were a tree.
You visited 6 branches of the dungeon, and saw 29 of its levels.
You also visited: Sewer and Ice Cave.

You collected 2581 gold pieces.
You spent 2365 gold pieces at shops.

Inventory:

Missiles
 i - 64 poisoned darts
 H - 5 silver javelins
 L - 2 large rocks (quivered)
Armour
 f - the +1 robe of Fortitude {rF+ Dex+2}
   (You bought it in a shop on level 4 of the Dungeon)

   It affects your dexterity (+2).
   It protects you from fire.
 g - the +2 robe of Hebioh {Slay+4}
   (You bought it in a shop on level 2 of the Orcish Mines)

   It affects your accuracy and damage with ranged weapons and melee attacks
   (+4).
 k - the +5 robe of Night {Dark MR+ SInv}
   (You bought it in a shop on level 2 of the Orcish Mines)

   It affects your resistance to hostile enchantments.
   It lets you see invisible.
 p - a +3 shield of positive energy (worn)
 y - a scarf of cloud immunity
 z - +0 swamp dragon scales (melded)
 D - a +2 hat (melded)
 I - a +2 cloak of cold resistance (melded)
Jewellery
 e - an uncursed amulet of faith
 o - an amulet of magic regeneration (around neck)
 v - an uncursed ring of protection from fire
 w - an uncursed ring of fire
 x - the ring "Baaqoelaasm" (right branch) {Wiz Stlth+}
   (You found it on level 1 of the Lair of Beasts)

   [ring of wizardry]

   It improves your spell success rate.
   It makes you more stealthy.
 B - an uncursed ring of fire
 G - a ring of protection from cold (left branch)
 J - an uncursed ring of protection from magic
 N - an uncursed ring of flight
Wands
 h - a wand of flame (58)
 u - a wand of polymorph (3)
 K - a wand of disintegration (14)
Scrolls
 b - 7 scrolls of amnesia
 j - 14 scrolls of remove curse
 m - 3 scrolls of vulnerability
 t - 4 scrolls of identify
 A - 2 scrolls of fog
Potions
 a - 3 potions of magic
 d - a potion of lignification
 q - 3 potions of mutation
 s - 3 potions of brilliance
Miscellaneous
 l - a phial of floods (inert)
Comestibles
 c - 47 rations


   Skills:
 + Level 12.0(11.4) Fighting
 - Level 7.0(6.4) Armour
 - Level 7.4(6.8) Dodging
 - Level 6.0(5.4) Stealth
 * Level 8.9(8.4) Shields
 * Level 15.4(14.7) Unarmed Combat
 - Level 1.2(0.8) Spellcasting
 - Level 2.0(1.5) Charms
 - Level 12.7(12.0) Invocations


You had 11 spell levels left.
You knew the following spells:

 Your Spells              Type           Power        Failure   Level  Hunger
a - Apportation           Tloc           #.....       16%         1    ##.....
b - Confusing Touch       Hex            #.....       16%         1    ##.....
c - Song of Slaying       Chrm           #.......     13%         2    ###....
d - Blink                 Tloc           N/A          24%         2    ###....

Your spell library contained the following spells:

 Spells                   Type           Power        Failure   Level  Hunger
 Infusion                 Chrm           #...         9%          1    ##.....
 Animate Skeleton         Necr           N/A          16%         1    ##.....
 Beastly Appendage        Tmut           #.....       16%         1    ##.....
 Magic Dart               Conj           #...         16%         1    ##.....
 Summon Small Mammal      Summ           #...         16%         1    ##.....
 Shroud of Golubria       Chrm/Tloc      #.....       17%         2    ###....
 Call Imp                 Summ           #.......     24%         2    ###....
 Searing Ray              Conj           #.....       24%         2    ###....
 Slow                     Hex            #.......     24%         2    ###....
 Sticks to Snakes         Tmut           #.......     24%         2    ###....
 Throw Frost              Conj/Ice       #.....       24%         2    ###....
 Regeneration             Chrm/Necr      #.........   32%         3    ####...
 Spectral Weapon          Hex/Chrm       #.......     32%         3    ####...
 Conjure Flame            Conj/Fire      #.......     41%         3    ####...
 Mephitic Cloud           Conj/Pois/Air  #.......     41%         3    ####...
 Spider Form              Tmut/Pois      #.........   41%         3    ####...
 Ice Form                 Ice/Tmut       #.......     80%         4    #####..
 Summon Lightning Spire   Summ/Air       #.......     80%         4    #####..
 Blade Hands              Tmut           #.........   98%         5    ######.
 Fireball                 Conj/Fire      #.........   98%         5    ######.
 Silence                  Hex/Air        #.........   98%         5    ######.
 Venom Bolt               Conj/Pois      #.........   98%         5    ######.
 Conjure Ball Lightning   Conj/Air       #.........   100%        6    #######
 Deflect Missiles         Chrm/Air       #.........   100%        6    #######
 Tornado                  Air            #.........   100%        9    #######


Dungeon Overview and Level Annotations

Branches:
Dungeon (15/15)            Temple (0/1) D:4            Lair (6/6) D:8
  Swamp (3/4) Lair:2       Spider (1/4) Lair:3        Slime (0/5) Lair:5
    Orc (2/2) D:11            Elf (2/3) Orc:2        Vaults (0/5) D:14
 Depths (0/5) D:15          Sewer (visited)           IceCv (visited)

Altars:
Ashenzari
Cheibriados
Dithmenos
Elyvilon
Fedhas
Gozag
Kikubaaqudgha
Nemelex Xobeh
Okawaru
Ru
Trog
Uskayaw
Yredelemnul
Zin
Beogh

Shops:
D:4 [   D:10 *   D:12 *   D:15 ?   Orc:2 !([[=

Annotations:
D:12 1 runed translucent door, Rupert; Soedd's ghost, journeyman DgAr
Lair:3 Superslow Swamp to Vaults
Orc:2 Check spells for rElec and Spideramonium.


Innate Abilities, Weirdness & Mutations

You are too large for most types of armour.
((You have claws for hands.))
Your metabolism is lightning-fast.
You like to eat raw meat.
Your natural rate of healing is unusually fast.
((You are covered in fur. (AC +1)))
((You have extremely tough skin. (AC +3)))
You passively map the area around you.


Message History

The arrow barely misses the moth of wrath.
The arrow hits the deep elf mage!!
The deep elf mage dies!
The moth of wrath bites you but does no damage.
You hear some strange, mumbled words.
Unknown command.
Unknown command.
You cannot move. (Use ctrl+direction or * direction to attack without moving.) Unknown command.
Unknown command.
You cannot move. (Use ctrl+direction or * direction to attack without moving.) Unknown command.
The moth of wrath changes into a shining eye!
The deep elf archer shoots an arrow.
The arrow hits you!
* * * LOW HITPOINT WARNING * * *
Unknown command.
Unknown command.
You feel less confused.
Your divine protection fades away.
The deep elf archer shoots an arrow.
The arrow hits you!!
You die...

, .#.###e.e..$...##.e..# ,
>......e........#....# , *
#######.#....<..........# ,
.....E.[..?....e.)...<.)# * *
####{#§####§.§....##e..#* *
##.#e## #########......
##.#§## #...... ,
######.#(############**#......
, ...(...e()e{G♣...e(<.
....... ,
####.#.############## ** ** *
,* #.#§#* *#.#e# * .....,
,,...., ,,... * , ..# ** ** *


You could see a shining eye shaped shifter and 3 deep elf archers.

Vanquished Creatures
  Kirke (Lair:5)
  Frances (Elf:1)
  2 tengu reavers
  A frost giant (IceCv)
  A ghoul (Swamp:1)
  A vampire knight (D:14)
  Azrael (D:12)
  Snorg (Lair:6)
  An ettin (D:15)
  A deep elf death mage (Elf:2)
  Erolcha (Orc:2)
  3 ice dragons
  4 vault guards (D:14)
  3 centaur warriors
  7 dancing weapons
  A tengu warrior (D:13)
  9 death yaks
  4 alligators
  3 two-headed ogres
  3 orc high priests (Orc:2)
  Sonja (D:10)
  4 deep elf knights
  A flayed ghost (D:15)
  2 swamp dragons (Swamp:1)
  A deep troll (Lair:4)
  5 unseen horrors
  2 deep elf archers (Elf:1)
  A wolf spider zombie (D:15)
  4 orc knights
  3 ugly things
  20 deep elf magi
  3 orc sorcerers (Orc:2)
  2 cyclopes (D:15)
  5 black mambas
  A manticore (D:14)
  A centaur zombie (D:11)
  The ghost of Thomus the Cleaver, a novice MiBe of Trog (D:5)
  2 guardian serpents (D:9)
  An ice statue (IceCv)
  3 gargoyles
  Psyche (D:9)
  A torpor snail (Lair:6)
  27 spiny frogs
  2 rime drakes
  6 yaktaurs
  9 komodo dragons
  2 jumping spiders (Lair:3)
  38 blink frogs
  A meliai (shapeshifter) (D:14)
  8 tyrant leeches
  A wolf spider simulacrum (D:14)
  5 hornets
  25 slime creatures
  Grinder (D:3)
  4 trolls
  17 polar bears
  4 dream sheep (Lair:6)
  9 bog bodies (Swamp:1)
  11 hippogriffs
  4 air elementals
  3 shadows
  3 vampires (D:14)
  2 spriggans (Lair:2)
  3 wraiths
  56 yaks
  A redback (Lair:3)
  5 wyverns
  3 fire elementals
  6 hogs (Lair:5)
  3 basilisks
  2 hungry ghosts
  A steam dragon (D:11)
  2 wargs
  11 vampire mosquitoes
  7 swamp worms
  3 insubstantial wisps (Swamp:1)
  A soldier ant (D:12)
  9 water moccasins
  An acid dragon (D:14)
  5 hell hounds
  16 porcupines
  A swamp drake (Swamp:1)
  27 orc warriors
  6 phantoms
  2 ice beasts
  6 necrophages
  3 sky beasts
  2 black bears (Lair:2)
  2 eyes of draining
  33 wolves
  7 centaurs
  10 ogres
  A crocodile (shapeshifter) (D:11)
  6 crocodiles
  3 big kobolds
  Blork the orc (D:6)
  27 bullfrogs
  A wyvern zombie (D:4)
  A gnoll sergeant (D:10)
  2 earth elementals
  3 wyvern skeletons
  11 scorpions
  10 killer bees (D:9)
  16 wights
  3 electric eels (D:8)
  5 howler monkeys
  5 crimson imps
  2 bullfrog zombies
  2 quasits
  6 jellies
  16 orc priests
  4 bullfrog skeletons
  12 hounds
  25 orc wizards
  8 centaur skeletons
  A water moccasin simulacrum (D:11)
  Ijyb (D:5)
  Natasha (twice) (D:3)
  6 iguanas
  8 worker ants
  2 killer bee zombies
  2 hound zombies
  4 hound skeletons
  2 worker ant zombies
  19 adders
  10 gnolls
  A howler monkey skeleton (D:4)
  6 river rats (Sewer)
  A shadow imp (D:6)
  2 oozes (Sewer)
  3 adder skeletons
  7 worms
  5 dart slugs
  A leopard gecko (D:4)
  107 orcs
  15 bats
  8 giant cockroaches
  2 gnoll zombies (D:5)
  8 goblins
  8 hobgoblins
  8 jackals
  8 quokkas
  14 ball pythons
  A ball python zombie (D:5)
  6 frilled lizards
  A giant cockroach zombie (D:5)
  23 kobolds
  2 quokka skeletons
  28 rats
1022 creatures vanquished.

Vanquished Creatures (collateral kills)
  Pikel (D:8)
  An orc knight (Orc:2)
  A slave (D:8)
  An orc (Orc:2)
4 creatures vanquished.

Vanquished Creatures (others)
  A hydra (shapeshifter) (D:14)
  An alligator (Swamp:1)
  A swamp dragon (Swamp:1)
  3 deep elf magi (Elf:2)
  A slime creature (Swamp:1)
  A bog body (Swamp:1)
  A hippogriff (D:14)
  Sigmund (D:6)
  2 tarantellas (Lair:3)
  A swamp worm (Lair:2)
  An acid dragon (D:14)
  2 slaves (D:8)
  2 orcs
  A quokka (D:4)
  A bush (Lair:6)
  35 fungi
  71 plants
126 creatures vanquished.

Grand Total: 1152 creatures vanquished

Notes
Turn   | Place    | Note
-------+----------+-------------------------------------------
     0 | D:1      | Amplified the Troll Skald began the quest for the Orb.
     0 | D:1      | Reached XP level 1. HP: 19/19 MP: 1/1
   116 | D:1      | Reached XP level 2. HP: 28/28 MP: 2/2
   434 | D:1      | Reached XP level 3. HP: 28/35 MP: 3/3
   692 | D:2      | Learned a level 1 spell: Confusing Touch
   838 | D:2      | Reached skill level 1 in Armour
   961 | D:2      | Reached skill level 3 in Unarmed Combat
   961 | D:2      | Reached XP level 4. HP: 38/44 MP: 4/4
  1316 | D:3      | Noticed Grinder
  1320 | D:3      | Paralysed by Grinder for 7 turns
  1427 | D:3      | Found a faded altar of an unknown god.
  1456 | D:3      | Became a worshipper of Elyvilon the Healer
  1456 | D:3      | Reached * piety under Elyvilon
  1494 | D:3      | Found a shattered altar of Ashenzari.
  1550 | D:3      | Found a snail-covered altar of Cheibriados.
  1566 | D:3      | Noticed Natasha
  1582 | D:3      | Killed Natasha
  1590 | D:3      | Reached XP level 5. HP: 36/50 MP: 5/5
  1746 | D:3      | Noticed Natasha
  1751 | D:3      | Killed Natasha
  1922 | D:3      | Killed Grinder
  1922 | D:3      | Reached skill level 4 in Unarmed Combat
  1922 | D:3      | Reached skill level 1 in Invocations
  1922 | D:3      | Reached XP level 6. HP: 61/61 MP: 6/6
  2227 | D:4      | Found a white marble altar of Elyvilon.
  2252 | D:4      | Found a glowing silver altar of Zin.
  2368 | D:4      | Reached XP level 7. HP: 65/67 MP: 7/7
  2413 | D:4      | Found an ancient bone altar of Kikubaaqudgha.
  2421 | D:4      | Found an opulent altar of Gozag.
  2492 | D:4      | Found Vaetz's Antique Armour Emporium.
  2495 | D:4      | Bought a tattered robe for 148 gold pieces
  2505 | D:4      | Identified the +1 robe of Fortitude {rF+ Dex+2} (You bought
                  | it in a shop on level 4 of the Dungeon)
  2574 | D:4      | Found a staircase to the Ecumenical Temple.
  2678 | D:4      | Found a blossoming altar of Fedhas.
  2828 | D:5      | Entered Level 5 of the Dungeon
  2833 | D:5      | Reached ** piety under Elyvilon
  3084 | D:5      | Reached skill level 5 in Unarmed Combat
  3258 | D:5      | Found a glowing drain.
  3270 | Sewer    | Entered a sewer
  3298 | Sewer    | Reached XP level 8. HP: 70/78 MP: 9/9
  3698 | D:5      | Found a basalt altar of Yredelemnul.
  3759 | D:5      | Noticed Ijyb
  3782 | D:5      | Killed Ijyb
  3920 | D:5      | Found a runed translucent gate.
  3921 | D:5      | Found a runed translucent gate.
  3924 | D:5      | Found a runed translucent gate.
  3924 | D:5      | Reached *** piety under Elyvilon
  3925 | D:5      | Noticed Thomus's ghost (novice MiBe)
  4157 | D:6      | Noticed Blork the orc
  4164 | D:6      | Killed Blork the orc
  4202 | D:6      | Reached skill level 6 in Unarmed Combat
  4260 | D:6      | Noticed Sigmund
  4278 | D:6      | Gained mutation: You passively map a small area around you.
                  | [potion of mutation]
  4278 | D:6      | Gained mutation: You passively map the area around you.
                  | [potion of mutation]
  4285 | D:6      | Reached skill level 5 in Fighting
  4289 | D:6      | Killed Sigmund
  4308 | D:6      | Reached XP level 9. HP: 37/88 MP: 9/11
  4414 | D:6      | Found a sacrificial altar of Ru.
  4620 | D:7      | Found an iron altar of Okawaru.
  4642 | D:7      | Reached skill level 5 in Invocations
  4694 | D:7      | Found a hide-covered altar of Uskayaw.
  4919 | D:7      | Reached skill level 7 in Unarmed Combat
  5449 | D:8      | Noticed Pikel
  5454 | D:8      | HP: 2/88 [disintegration (28)]
  5497 | D:8      | Reached **** piety under Elyvilon
  5568 | D:9      | Reached XP level 10. HP: 52/98 MP: 13/13
  5837 | D:9      | Noticed Psyche
  5843 | D:9      | Reached skill level 8 in Unarmed Combat
  5856 | D:9      | Killed Psyche
  5864 | D:9      | Noticed a guardian serpent
  5881 | D:9      | Killed a guardian serpent
  5956 | D:9      | Reached skill level 5 in Dodging
  6038 | D:9      | Noticed a guardian serpent
  6055 | D:9      | Killed a guardian serpent
  6217 | D:9      | Found a shadowy altar of Dithmenos.
  6400 | D:10     | Entered Level 10 of the Dungeon
  6436 | D:10     | Found Vourghock's Assorted Antiques.
  6473 | D:10     | Bought a potion of curing for 75 gold pieces
  6473 | D:10     | Bought an inky potion for 22 gold pieces
  6542 | D:10     | Noticed Sonja
  6555 | D:10     | Killed Sonja
  6713 | D:10     | Reached skill level 9 in Unarmed Combat
  6855 | D:10     | Reached XP level 11. HP: 54/109 MP: 15/15
  6875 | D:10     | Learned a level 1 spell: Apportation
  6962 | D:10     | Learned a level 2 spell: Song of Slaying
  7137 | D:10     | Reached skill level 5 in Armour
  7252 | D:10     | Reached ***** piety under Elyvilon
  7377 | D:11     | Noticed a five-headed hydra
  7384 | D:11     | Pacified a five-headed hydra
  7532 | D:11     | Noticed a red ugly thing
  7555 | D:11     | Killed a red ugly thing
  8092 | D:11     | Identified the cursed +1 scale mail of Adwec {rElec}
  8175 | D:11     | Found a roughly hewn altar of Beogh.
  8176 | D:11     | Found a staircase to the Orcish Mines.
  8710 | D:12     | Found Ocyceyr's Assorted Antiques.
  8719 | D:12     | Bought a potion of curing for 90 gold pieces
  8749 | D:12     | Reached skill level 10 in Unarmed Combat
  8855 | D:12     | Noticed Rupert
  8903 | D:12     | Killed an unseen horror
  9034 | D:12     | Found a runed translucent door.
  9035 | D:12     | Noticed Soedd's ghost (journeyman DgAr)
  9093 | D:12     | Noticed Azrael
  9140 | D:12     | Noticed a centaur warrior
  9151 | D:12     | Killed a centaur warrior
  9569 | D:8      | Reached XP level 12. HP: 122/122 MP: 17/17
  9646 | D:8      | Found a staircase to the Lair.
  9720 | D:8      | Found a white marble altar of Elyvilon.
  9721 | D:8      | Found a sparkling altar of Nemelex Xobeh.
  9788 | D:8      | Killed Pikel
 10307 | D:13     | Noticed a two-headed ogre
 10343 | D:13     | Killed a two-headed ogre
 10778 | D:13     | Noticed a two-headed ogre
 10791 | D:13     | Killed a two-headed ogre
 11096 | D:13     | Noticed a tengu warrior
 11418 | Orc:1    | Entered Level 1 of the Orcish Mines
 11502 | Orc:2    | Entered Level 2 of the Orcish Mines
 11606 | Orc:2    | Found a staircase to the Elven Halls.
 11608 | Orc:2    | Found Hanujyc's Distillery.
 11622 | Orc:2    | Bought a potion of might for 52 gold pieces
 11622 | Orc:2    | Bought a potion of curing for 39 gold pieces
 11622 | Orc:2    | Bought a potion of heal wounds for 65 gold pieces
 11622 | Orc:2    | Bought a potion of curing for 39 gold pieces
 11622 | Orc:2    | Bought a potion of might for 52 gold pieces
 11622 | Orc:2    | Bought 2 potions of heal wounds for 130 gold pieces
 11622 | Orc:2    | Bought a potion of invisibility for 104 gold pieces
 11622 | Orc:2    | Bought a potion of invisibility for 104 gold pieces
 11668 | Orc:2    | Noticed Erolcha
 11676 | Orc:2    | Killed Erolcha
 11676 | Orc:2    | Reached skill level 11 in Unarmed Combat
 11732 | Orc:2    | Found a frozen archway.
 11734 | Orc:2    | Noticed an ice dragon
 11767 | Orc:2    | Killed an ice dragon
 11821 | IceCv    | Entered an ice cave
 11845 | IceCv    | Reached skill level 10 in Invocations
 12147 | IceCv    | Reached XP level 13. HP: 119/132 MP: 19/19
 12651 | IceCv    | Noticed a frost giant
 12675 | IceCv    | Killed a frost giant
 12680 | IceCv    | Reached skill level 10 in Fighting
 14081 | Orc:2    | Paralysed by an orc sorcerer for 7 turns
 14083 | Orc:2    | HP: 6/133 [poisoned by an orange demon]
 14645 | Orc:2    | Reached skill level 12 in Unarmed Combat
 14683 | Orc:2    | Found Kumufost's Antique Weapon Boutique.
 14683 | Orc:2    | Found Neiwopet's Jewellery Emporium.
 14685 | Orc:2    | Found Vuewun's Antique Armour Boutique.
 14685 | Orc:2    | Found Ynkant's Armour Emporium.
 14957 | Lair:1   | Entered Level 1 of the Lair of Beasts
 15111 | Lair:1   | Identified a scroll of acquirement
 15413 | Lair:1   | Got a faintly glowing jade ring
 15447 | Lair:1   | Identified the ring "Baaqoelaasm" {Wiz Stlth+} (You found
                  | it on level 1 of the Lair of Beasts)
 15466 | Lair:1   | Reached skill level 1 in Shields
 15961 | Orc:2    | Bought the +5 robe of Night {Dark MR+ SInv} for 780 gold
                  | pieces
 15961 | Orc:2    | Found the +5 robe of Night {Dark MR+ SInv}
 16466 | Lair:2   | Reached XP level 14. HP: 144/144 MP: 21/21
 16564 | Lair:2   | Found a staircase to the Swamp.
 16725 | Lair:2   | Reached skill level 1 in Stealth
 17686 | Lair:3   | Found a hole to the Spider Nest.
 18079 | Lair:4   | Noticed Urug
 18087 | Lair:4   | Noticed Urug
 18087 | Lair:4   | Urug changed into Urug the deep troll
 18102 | Lair:4   | Killed Urug the deep troll
 18868 | Lair:4   | Reached skill level 13 in Unarmed Combat
 19284 | Lair:5   | Noticed Kirke
 19517 | Lair:5   | Found a staircase to the Slime Pits.
 19745 | Lair:5   | Killed Kirke
 19827 | Lair:5   | Reached skill level 5 in Shields
 20183 | Lair:6   | Entered Level 6 of the Lair of Beasts
 20550 | Lair:6   | Noticed Snorg
 20952 | Lair:6   | Reached XP level 15. HP: 90/153 MP: 22/22
 21741 | Lair:6   | Killed Snorg
 22648 | D:5      | Killed Thomus's ghost
 22811 | D:12     | Killed Azrael
 23234 | D:14     | Found a gate to the Vaults.
 23368 | D:14     | Noticed a tengu reaver
 23391 | D:14     | Reached skill level 14 in Unarmed Combat
 23450 | D:15     | Entered Level 15 of the Dungeon
 23765 | D:14     | Identified the +8 hunting sling "Yresop Vuba" {venom, rF+}
 23853 | D:14     | Pacified a tengu reaver
 23862 | D:14     | Noticed a storm dragon
 24076 | Elf:1    | Entered Level 1 of the Elven Halls
 24134 | Orc:2    | Bought a dull robe for 176 gold pieces
 24134 | Orc:2    | Identified the +2 robe of Hebioh {Slay+4} (You bought it in
                  | a shop on level 2 of the Orcish Mines)
 24352 | D:14     | Noticed a tengu reaver
 24375 | D:14     | Killed a tengu reaver
 24869 | D:15     | Found Qoazed's Magic Scroll Shoppe.
 24881 | D:15     | Bought a scroll of teleportation for 51 gold pieces
 24881 | D:15     | Bought a scroll of teleportation for 51 gold pieces
 24881 | D:15     | Bought a scroll of blinking for 127 gold pieces
 24929 | D:15     | Found a large runed translucent door.
 24929 | D:15     | Found a large runed translucent door.
 25041 | D:15     | Reached skill level 5 in Stealth
 25146 | D:15     | Found a staircase to the Depths.
 25872 | D:15     | Found a sacrificial altar of Ru.
 25886 | D:15     | Found a bloodstained altar of Trog.
 25886 | D:15     | Noticed a tengu reaver
 25922 | D:15     | Killed a tengu reaver
 25922 | D:15     | Reached XP level 16. HP: 36/163 MP: 24/24
 26551 | Swamp:1  | Entered Level 1 of the Swamp
 26617 | Swamp:1  | Paralysed by a hornet for 2 turns
 26628 | Swamp:1  | Paralysed by a hornet for 1 turns
 26823 | Swamp:1  | Noticed a tentacled monstrosity
 26940 | Swamp:2  | Paralysed by a hornet for 2 turns
 27573 | Spider:1 | Entered Level 1 of the Spider Nest
 27583 | Spider:1 | Noticed Agnes
 28354 | Elf:1    | Noticed Frances
 28557 | Elf:1    | Reached skill level 15 in Unarmed Combat
 28714 | Elf:1    | Identified Okoniupn's Catalogue of Combat Magic
 29004 | Orc:2    | Bought a potion of mutation for 104 gold pieces
 29004 | Orc:2    | Bought a potion of mutation for 104 gold pieces
 29004 | Orc:2    | Bought a potion of agility for 52 gold pieces
 29232 | Lair:3   | Elyvilon protects you from harm!
 29233 | Lair:3   | HP: 6/165 [Agnes/+2 lajatang of venom (8)]
 29233 | Lair:3   | Elyvilon protects you from harm!
 29236 | Lair:3   | Pacified Agnes
 30380 | Elf:1    | Identified the +6 long sword "Conservator" {slice, +Fly
                  | Stlth+} (You found it on level 1 of the Elven Halls)
 30420 | Elf:1    | Killed Frances
 30839 | Elf:2    | HP: 4/247 [disintegration (35)]
 30847 | Elf:2    | Learned a level 2 spell: Blink
 30855 | Elf:2    | Shot with an arrow by a deep elf archer

Levels and vault maps discovered:
D:1:      dpeg_chamrin_arrival_tetris, layout_rooms
D:2:      layout_loops_cross, minmay_tetromino_s4
D:3:      layout_loops_ring, kennysheep_slug_shrine,
          nicolae_ashenzari_panopticon, chequers_ecumenical_altar_simple,
          uniq_grinder, uniq_natasha
D:4:      layout_basic, kennysheep_mini_moat, zin_academy, old_standard_altar,
          fedhas_altar_2, minmay_temple_entry_butterflies, serial_shops,
          nicolae_shop_behind_doors, elyvilon_altar_4
D:5:      corexii_shack_village, layout_loops_ring,
          lemuel_zombie_altar_yredelemnul, ebering_ghost_rock_garden,
          first_ration, cheibrodos_sewer_entry_bend, uniq_ijyb
D:6:      layout_rooms, hangedman_ru_absence, uniq_blork_the_orc, uniq_sigmund
D:7:      layout_gridville, nicolae_overflow_hidden_temple,
          eat_drink_and_be_merry_uskayaw
D:8:      layout_gridville, gammafunk_temple_overflow_pools, erik_lair_island,
          grunt_ogre_cave, uniq_pikel
D:9:      nrook_guardian_serpent_snake_passage, layout_rooms,
          nicolae_dithmenos_the_darkroom, uniq_psyche
D:10:     layout_gridville, serial_shops, nicolae_shop_statue_plus,
          serial_bayou_pond_e, uniq_sonja
D:11:     cheibrodos_fzero, layout_irregular_city, david_orc_5
D:12:     layout_roguey, serial_shops, nicolae_shop_trees,
          gammafunk_ghost_grave, uniq_azrael, uniq_rupert
D:13:     layout_irregular_city, minmay_fractal_squares_gapless_5
D:14:     minmay_complete_graph, layout_stronghold,
          lightli_vaults_fourway_checkpoint, kennysheep_cross_room,
          hangedman_batty
D:15:     grunt_enter_depths_hoard, layout_stronghold, serial_park_square1
          [serial_park_minivault_5x5_7], serial_shops, shop,
          jmf_multi_god_temple2
Lair:1:   layout_hall_layers
Lair:2:   layout_cave_shapes, palyth_hydra_swamp_entry, forest_entry_grove
Lair:3:   layout_chaotic_city, spider_nest_entry_web_field, serial_bayou_shore_b
Lair:4:   layout_cave_pods, grunt_megastairs_5, uniq_urug
Lair:5:   layout_misc_corridors, minmay_slime_entry_pillars, st_stairs_8,
          serial_bayou_shore_a, uniq_kirke
Lair:6:   minmay_lair_end_frog_pond, layout_layer_cave, uniq_snorg
Swamp:1:  layout_basic_swamp, hangedman_swamp_cone, hangedman_swamp_ravenous
Swamp:2:  layout_falls_marsh, hangedman_swamp_ruin_hall
Swamp:3:  layout_falls_marsh, evilmike_swamp_ruin_house_5, uniq_nikola
Spider:1: layout_spider_delve, uniq_agnes
Orc:1:    layout_caves, nicolae_orc_damp_corner
Orc:2:    grunt_orc_tribal_feast, layout_caves, serial_shops,
          nicolae_shop_crystal, portal_ice_cave_entry_animals_and_master,
          uniq_erolcha
Elf:1:    minmay_elf_arrival_circle, layout_onion_city, minmay_elf_annihilation,
          uniq_frances
Elf:2:    layout_rooms

Skill      XL: |  1  2  3  4  5  6  7  8  9 10 11 12 13 14 15 16 |
---------------+-------------------------------------------------+-----
Dodging        | 2 3 4 5 6 7 |  7.4
Fighting       | 2 3 4 5 6 7 8 9 10 11 12 | 12.0
Armour         | 1 2 3 4 5 6 7 |  7.0
Unarmed Combat | 3 4 5 6 7 9 10 11 12 13 14 15 | 15.4
Invocations    | 1 2 3 4 6 7 8 10 11 12 | 12.7
Shields        | 2 5 7 8 |  8.9
Stealth        | 3 5 6 |  6.0
Spellcasting   | |  1.2
Charms         | |  2.0

Action                   |  1- 3 |  4- 6 |  7- 9 | 10-12 | 13-15 | 16-18 || total
-------------------------+-------+-------+-------+-------+-------+-------++-------
Melee: Unarmed           |   118 |   133 |   532 |   968 |  1714 |   469 ||  3934
       Punch             |       |     2 |     9 |    52 |    16 |       ||    79
Throw: Dart              |       |       |     4 |     9 |    13 |       ||    26
       Throwing net      |       |       |       |     8 |       |       ||     8
       Large rock        |       |       |       |       |       |    13 ||    13
       Javelin           |       |       |       |       |       |     2 ||     2
Invok: Lesser Healing    |       |     1 |     5 |     1 |     1 |    17 ||    25
       Greater Healing   |       |       |       |    18 |    30 |     9 ||    57
       Heal Other        |       |       |       |     2 |    11 |    12 ||    25
       Purification      |       |       |       |     1 |       |       ||     1
       Divine Protection |       |       |       |       |       |     2 ||     2
Evoke: Wand              |       |       |     4 |    19 |    31 |     3 ||    57
       Phial of floods   |       |       |       |     2 |     3 |     2 ||     7
  Use: Scroll            |     5 |     5 |    13 |    11 |    20 |    14 ||    68
       Potion            |       |     5 |     5 |    17 |    21 |    19 ||    67
 Stab: Sleeping          |     1 |     1 |     4 |     1 |    16 |     7 ||    30
       Held in net/web   |       |       |       |     1 |       |       ||     1
       Invisible         |       |       |       |       |     7 |       ||     7
       Distracted        |       |       |       |       |     5 |     1 ||     6
  Eat: Chunk             |    14 |    13 |    27 |    68 |   136 |    32 ||   290
       Ration            |       |       |       |     2 |     1 |     5 ||     8
Armor: Robe              |    44 |    73 |   256 |   330 |   442 |    86 ||  1231
       Skin              |       |       |       |    71 |     4 |    40 ||   115
       Swamp dragon scal |       |       |       |       |       |   106 ||   106
Dodge: Dodged            |    51 |    76 |   340 |   591 |   670 |   186 ||  1914
Block: Shield            |       |       |       |       |   708 |   359 ||  1067
